 Dungeon Crawl Stone Soup version 0.31-a0-1178-gc5c9b8f871 (webtiles) character file.

Game seed: 11755471970247956978

137 Maratek the Trooper (level 5, -1/46 HPs)
             Began as a Draconian Fighter on Dec 11, 2023.
             Succumbed to a goblin's poison
             ... on level 3 of the Dungeon.
             The game lasted 00:02:54 (1846 turns).

Maratek the Trooper (Draconian Fighter)             Turns: 1846, Time: 00:02:55

Health: -1/46      AC: 12    Str: 18    XL:     5   Next: 0%
Magic:  5/5        EV: 12    Int:  9    God:
Gold:   161        SH:  8    Dex: 12    Spells: 4/4 levels left

rFire   . . .        a - +1 long sword (protect)
rCold   . . .        b - +3 buckler
rNeg    . . .        (body armour unavailable)
rPois   .            (helmet restricted)
rElec   .            (no cloak)
rCorr   .            (no gloves)
SInv    .            (no boots)
Will    .....        (no amulet)
Stlth   +            (no ring)
HPRegen 0.27/turn    (no ring)
MPRegen 0.09/turn

%: no passive effects
@: lethally poisoned (-1 -> -15), under a protective aura, hasted, very quick
A: AC +5, unfitting armour, cold-blooded
a: no special abilities


You were on level 3 of the Dungeon.
You visited 1 branch of the dungeon, and saw 4 of its levels.

You collected 161 gold pieces.

Inventory:

Hand Weapons
 a - a +1 long sword of protection (weapon)
Armour
 b - a +3 buckler (worn)
Jewellery
 k - a ring of resist corrosion
Potions
 c - a potion of might
 h - a potion of curing {unknown}
 j - a potion of enlightenment {unknown}


   Skills:
 + Level 4.2 Fighting
 + Level 3.1 Long Blades
 + Level 3.4 Dodging
 + Level 3.8 Shields


You had 4 spell levels left.
You didn't know any spells.
Your spell library was empty.

Dungeon Overview and Level Annotations

Branches:
Dungeon (4/15)
 Temple: D:4-7

Altars:
Gozag
Hepliaklqana
Uskayaw


Innate Abilities, Weirdness & Mutations

Your plain brown scales are hard. (AC +5)
You cannot fit into any form of body armour.
You are cold-blooded and may be slowed by cold attacks.


Message History

You barely miss the iguana.
You feel very sick. The goblin barely misses you.
The hobgoblin hits you but does no damage.
The iguana barely misses you. You block the iguana's attack.
The goblin hits you with a +2 dagger of venom.
You block the hobgoblin's attack.
You closely miss the iguana.
Your tail-slap misses the iguana.
You feel sick.
The goblin hits you with a +2 dagger of venom.
You are more poisoned.
The iguana hisses menacingly.
The iguana bites you!
* * * LOW HITPOINT WARNING * * *
The hobgoblin barely misses you.
You are too injured to fight recklessly!
Unknown command.
You are too injured to fight recklessly!
Unknown command.
You are too injured to fight recklessly!
Unknown command.
* * * LOW HITPOINT WARNING * * *
You feel very sick. You block the goblin's attack. The iguana misses you.
The hobgoblin closely misses you.
You climb upwards.
* * * LOW HITPOINT WARNING * * *
You feel very sick.
There is a stone staircase leading down here.
Welcome back, Maratek the Draconian Fighter.
Press ? for a list of commands and other information.
You hit the iguana but do no damage.
Your weapon exudes an aura of protection.
* * * LOW HITPOINT WARNING * * *
You feel very sick.
The iguana bites you but does no damage.
The goblin hits you but does no damage.
You are more poisoned.
The hobgoblin barely misses you.
It was a potion of haste.
You feel yourself speed up.
You die...

### ########## ##.## #........#
##.g.## #.######.#
##...@.#####.#### #.#
############...gl..........# #.#
#.................#####.##.###.##
#.#####......†...## #.##.##...#
#.# #.#####.#.## #.#.....#.. #.#
#.# #.### #.#..##...# #.# #.# #.#
#.#..###.## #.# #.# #.#
###.......... #.# #.# #.#
#......###...


You could see an iguana, a hobgoblin and a goblin.

Vanquished Creatures
  Natasha (twice) (D:3)
  An adder (D:3)
  3 worms
  5 dart slugs
  2 orcs (D:3)
  5 bats
  2 endoplasms
  10 goblins
  7 hobgoblins
  2 jackals (D:2)
  3 quokkas
  5 ball pythons
  6 frilled lizards
  3 rats
56 creatures vanquished.

Notes
Turn   | Place    | Note
-------+----------+-------------------------------------------
     0 | D:1      | Maratek the Draconian Fighter began the quest for the Orb.
     0 | D:1      | Reached XP level 1. HP: 19/19 MP: 1/1
    84 | D:1      | Reached XP level 2. HP: 23/26 MP: 2/2
   463 | D:2      | Reached XP level 3. HP: 13/31 MP: 3/3
  1004 | D:3      | Found a hide-covered altar of Uskayaw.
  1053 | D:3      | Found an opulent altar of Gozag.
  1066 | D:3      | Reached XP level 4. HP: 40/40 MP: 4/4
  1188 | D:3      | Noticed Natasha
  1201 | D:3      | Killed Natasha
  1202 | D:3      | Reached skill level 4 in Fighting
  1411 | D:3      | Noticed Natasha
  1423 | D:3      | Killed Natasha
  1509 | D:3      | Found a hazy altar of Hepliaklqana.
  1604 | D:3      | Found a faded altar of an unknown god.
  1839 | D:4      | Reached XP level 5. HP: 41/46 MP: 5/5
  1845 | D:3      | HP: 1/46 [poisoned by a goblin]
  1846 | D:3      | Succumbed to a goblin's poison

Illustrated notes

Levels and vault maps discovered:
D:1:      scummos_arrival_forest, layout_rooms, dreamdust_wishing_well
D:2:      layout_rooms
D:3:      layout_loops_ring, mainiacjoe_overflow_catwalk, lemuel_round_altar,
          mainiacjoe_overflow_brackets, basic_ecumenical_altar, uniq_natasha
D:4:      layout_loops_ring, fiery_altar_vehumet,
          amcnicky_mini_rare_corridor_liquid

Skill      XL: |  1  2  3  4 |
---------------+-------------+-----
Dodging        | 3 |  3.4
Fighting       | 4 |  4.2
Long Blades    | 3 |  3.1
Shields        | |  3.8

Action                     |  1- 3 |  4- 6 || total
---------------------------+-------+-------++-------
  Melee: Long sword        |   119 |    69 ||   188
         Tailslap          |    13 |     6 ||    19
    Use: Scroll            |     7 |       ||     7
         Potion            |       |     1 ||     1
 Armour: Skin              |    69 |    40 ||   109
  Dodge: Dodged            |    95 |    45 ||   140
  Block: Buckler           |    30 |    36 ||    66

Table legend: (Time is in decaauts)
 A = Elapsed time spent in this place.
 B = Non-inter-level travel time spent in this place.
 C = Inter-level travel time spent in this place.
 D = Time resting spent in this place.
 E = Time spent auto-exploring this place.
 F = Levels seen in this place.
 G = Mean time per level.
                   A        B        C        D        E       F      G
               +--------+--------+--------+--------+--------+-----+--------+
         Total |   1905 |   1831 |     74 |    172 |   1206 |   4 |  476.2 |
       Dungeon |   1905 |   1831 |     74 |    172 |   1206 |   4 |  476.2 |
               +--------+--------+--------+--------+--------+-----+--------+

Top non-repeatable levels by time:
     D:3: 937 daAuts
     D:2: 510 daAuts
     D:1: 445 daAuts
     D:4: 12 daAuts
